 Dungeon Crawl Stone Soup version 0.22.0-25-g7663229ff0 (webtiles) character file.

2042 Peloso the Carver (level 9, -3/75 HPs)
             Began as a Minotaur Fighter on Aug 21, 2018.
             Slain by a gnoll
             ... wielding a cursed +0 club
              (7 damage)
             ... on level 6 of the Dungeon.
             The game lasted 00:14:12 (4644 turns).

Peloso the Carver (Minotaur Fighter)                Turns: 4644, Time: 00:14:13

Health: -3/75      AC:  8    Str: 28    XL:     9   Next: 4%
Magic:  8/8        EV:  8    Int:  5    God:
Gold:   237        SH: 11    Dex: 11    Spells: 8/8 levels left

rFire    . . .     SeeInvis .   a - +0 long sword
rCold    . . .     Gourm    .   c - +0 shield
rNeg     . . .     Faith    .   v - +0 chain mail
rPois    .         Spirit   .   (helmet restricted)
rElec    .         Reflect  .   (no cloak)
rCorr    .         Harm     .   (no gloves)
MR       .....                  (no boots)
Stlth    ..........             (no amulet)
HPRegen  0.22/turn              h - ring of wizardry
MPRegen  0.11/turn              p - -2 ring of protection

@: mighty
A: retaliatory headbutt, horns 2
a: no special abilities


You were on level 6 of the Dungeon.
You were near starving.

You visited 2 branches of the dungeon, and saw 7 of its levels.
You also visited: Ossuary.

You collected 237 gold pieces.

Inventory:

Hand Weapons
 a - a +0 long sword (weapon)
 w - a +2 whip of flaming
Armour
 b - a +0 scale mail
 c - a +0 shield (worn)
 v - a +0 chain mail (worn)
Jewellery
 h - a ring of wizardry (left hand)
 p - a -2 ring of protection (right hand)
Wands
 s - a wand of random effects (36)
Scrolls
 g - 4 scrolls of identify
 l - 4 scrolls of teleportation
 m - 2 scrolls of random uselessness {unknown}
 u - 2 scrolls of remove curse
Potions
 e - 3 potions of agility
 j - 2 potions of ambrosia {unknown}
 k - 2 potions of haste
 n - 7 potions of curing {unknown}
 o - a potion of degeneration {unknown}
 q - a potion of brilliance {unknown}
 r - a potion of flight {unknown}
 t - a potion of mutation {unknown}
Comestibles
 f - 15 rations
 x - 3 chunks of flesh


   Skills:
 + Level 6.1 Fighting
 + Level 9.2 Long Blades
 + Level 7.0 Armour
 + Level 3.3 Dodging
 + Level 1.5 Stealth
 + Level 7.2 Shields
 + Level 0.3 Evocations


You had 8 spell levels left.
You didn't know any spells.
Your spell library contained the following spells:

 Spells                   Type           Power        Failure   Level  Hunger
 Animate Skeleton         Necr           N/A          94%         1    ##.....
 Freeze                   Ice            #...         94%         1    ##.....
 Pain                     Necr           #...         94%         1    ##.....
 Throw Frost              Conj/Ice       #.....       98%         2    ###....
 Ozocubu's Armour         Chrm/Ice       #.......     100%        3    ####...
 Regeneration             Chrm/Necr      #.........   100%        3    ####...
 Vampiric Draining        Necr           #.........   100%        3    ####...
 Animate Dead             Necr           N/A          100%        4    #####..
 Summon Ice Beast         Ice/Summ       #.......     100%        4    #####..
 Throw Icicle             Conj/Ice       #.......     100%        4    #####..


Dungeon Overview and Level Annotations

Branches:
Dungeon (6/15)             Temple (1/1) D:6

Altars:
Cheibriados
Elyvilon
Fedhas
Gozag
Hepliaklqana
Kikubaaqudgha
Makhleb
Nemelex Xobeh
Qazlal
Ru
Uskayaw
Vehumet
Wu Jian
Xom
Yredelemnul
Zin
The Shining One

Shops:
D:3 *   D:4 (*[*


Innate Abilities, Weirdness & Mutations

You reflexively headbutt those who attack you in melee.
You have a pair of horns on your head.


Message History

Your experience leads to an increase in your attributes!
Your base attributes are Str 22, Int 5, Dex 11.
Increase (S)trength, (I)ntelligence, or (D)exterity?
You feel stronger.
A gnoll comes into view.
The gnoll sergeant barely misses you. You furiously retaliate!
You headbutt the gnoll sergeant!
You riposte.
The gnoll shouts!
You slash the gnoll sergeant!
You kill the gnoll sergeant!
Your Armour skill increases to level 7!
The gnoll hits you but does no damage.
You slice the gnoll!!
You kill the gnoll!
You block the gnoll's attack.
Unknown command.
You slash the gnoll!
The gnoll is severely wounded.
The gnoll hits you with a club!
You die...

#. #..###...####
#.#######...........###
.#...........⌠.(>..⌠.#..
........................#
#.##.....†..####...###..#
#..+.....†..# #.⌠.# ##.#
#..#........# #...####.#
#..#....g)..# #.#.#.##.#
##..#....@)..# #...#.##.#
#§§§#....))..# ###.#.##.#
#§§§#........######...##.#
#§§§#..(....g'............
#§§§#........#######..###.
#§§§+..!.....# #..#
...#§#........# #..#
#.##.#.#........# #..# #.
#.#.# #...


You could see 2 gnolls.

Vanquished Creatures
  Prince Ribbit (D:6)
  An ice beast (D:5)
  2 ogres
  A centaur (D:5)
  2 elf zombies (Ossuary)
  A gnoll sergeant (D:6)
  3 bullfrogs (D:6)
  4 killer bees (D:6)
  2 howler monkeys (D:6)
  2 crimson imps (D:5)
  3 centaur zombies
  An orc priest (D:5)
  3 bullfrog skeletons
  A human zombie (Ossuary)
  2 orc wizards
  An iguana (D:4)
  4 worker ants
  2 mummies (Ossuary)
  A worker ant zombie (D:5)
  10 gnolls
  A howler monkey zombie (D:5)
  A howler monkey skeleton (D:5)
  7 adders
  An ooze (D:4)
  4 adder zombies
  A worm (D:3)
  A dart slug (D:3)
  7 leopard geckos
  12 orcs
  10 bats
  5 giant cockroaches
  14 goblins
  12 hobgoblins
  8 jackals
  19 kobolds
  4 quokkas
  3 ball pythons
  A frilled lizard (D:1)
  2 goblin zombies (Ossuary)
  6 hobgoblin zombies (Ossuary)
  9 kobold zombies (Ossuary)
  A leopard gecko zombie (D:5)
  12 orc zombies (Ossuary)
  A quokka zombie (D:5)
  9 rats
198 creatures vanquished.

Notes
Turn   | Place    | Note
-------+----------+-------------------------------------------
     0 | D:1      | Peloso the Minotaur Fighter began the quest for the Orb.
     0 | D:1      | Reached XP level 1. HP: 19/19 MP: 0/0
   138 | D:1      | Reached XP level 2. HP: 23/27 MP: 1/1
   739 | D:2      | Reached skill level 1 in Dodging
   739 | D:2      | Reached XP level 3. HP: 33/33 MP: 2/2
   855 | D:2      | Found a blossoming altar of Fedhas.
   928 | D:2      | Noticed an ogre
   940 | D:2      | Killed an ogre
   940 | D:2      | Reached skill level 3 in Long Blades
   940 | D:2      | Reached XP level 4. HP: 40/40 MP: 3/3
   942 | D:2      | Reached XP level 5. HP: 46/46 MP: 4/4
   953 | D:2      | Reached skill level 4 in Long Blades
  1137 | D:2      | Found a basalt altar of Yredelemnul.
  1668 | D:3      | Found Zin's Purification Station.
  1671 | D:3      | Found a glowing silver altar of Zin.
  1904 | D:3      | Found a sacrificial altar of Ru.
  2072 | D:4      | Reached XP level 6. HP: 53/53 MP: 5/5
  2174 | D:4      | Found Gexoez's Armour Emporium.
  2174 | D:4      | Found Fiuc Hot's General Store.
  2180 | D:4      | Found Yskusuus's Weapon Emporium.
  2184 | D:4      | Found Hogusus's General Store.
  2340 | D:4      | Reached skill level 5 in Long Blades
  2340 | D:4      | Reached skill level 5 in Shields
  2653 | D:5      | Entered Level 5 of the Dungeon
  2653 | D:5      | Noticed an ice beast
  2660 | D:5      | Killed an ice beast
  2660 | D:5      | Reached skill level 5 in Armour
  2679 | D:5      | Reached skill level 1 in Stealth
  2679 | D:5      | Reached XP level 7. HP: 46/60 MP: 6/6
  2827 | D:5      | Reached skill level 6 in Long Blades
  3040 | D:5      | Reached skill level 5 in Fighting
  3072 | D:5      | Reached skill level 7 in Long Blades
  3369 | D:5      | Found a sparkling altar of Nemelex Xobeh.
  3430 | D:5      | Found a snail-covered altar of Cheibriados.
  3768 | D:6      | Reached XP level 8. HP: 58/68 MP: 7/7
  3976 | D:6      | Found a sand-covered staircase.
  3981 | Ossuary  | Entered an ossuary
  4264 | Ossuary  | Reached skill level 8 in Long Blades
  4422 | D:6      | Found a hide-covered altar of Uskayaw.
  4423 | D:6      | Noticed a hand axe
  4423 | D:6      | Noticed a hand axe
  4451 | D:6      | Found a staircase to the Ecumenical Temple.
  4480 | Temple   | Entered the Ecumenical Temple
  4586 | D:6      | Noticed Prince Ribbit
  4625 | D:6      | Killed Prince Ribbit
  4625 | D:6      | Reached skill level 9 in Long Blades
  4641 | D:6      | HP: 3/70 [gnoll/flail (10)]
  4642 | D:6      | Reached XP level 9. HP: 3/75 MP: 8/8
  4644 | D:6      | Slain by a gnoll

Skill      XL: |  1  2  3  4  5  6  7  8  9 |
---------------+----------------------------+-----
Armour         | 4 5 6 7 |  7.0
Shields        | 4 5 7 |  7.2
Dodging        | 1 2 3 |  3.3
Fighting       | 4 5 6 |  6.1
Long Blades    | 3 4 5 7 9 |  9.2
Stealth        | 1 |  1.5
Evocations     | |  0.3

Action                   |  1- 3 |  4- 6 |  7- 9 || total
-------------------------+-------+-------+-------++-------
Melee: Long sword        |    84 |   128 |   300 ||   512
       Headbutt          |    14 |    24 |    66 ||   104
Evoke: Wand              |       |     4 |       ||     4
  Use: Potion            |     1 |       |     4 ||     5
       Scroll            |       |     2 |     6 ||     8
 Stab: Paralysed         |       |     3 |       ||     3
  Eat: Chunk             |       |     5 |     6 ||    11
Armor: Scale mail        |    50 |    57 |    17 ||   124
       Chain mail        |       |       |   108 ||   108
Dodge: Dodged            |    36 |    44 |   103 ||   183
Block: Shield            |    39 |    76 |   172 ||   287
       Rpst.: Long sword |     9 |    11 |    24 ||    44
